 Dungeon Crawl Stone Soup version 0.22.1-2-g9c5b331 (webtiles) character file.

27087 nightchill the Cruncher (level 13, -1/113 HPs)
             Began as a Green Draconian Fire Elementalist on Nov 3, 2018.
             Was a High Priest of Okawaru.
             Slain by a nine-headed hydra (10 damage)
             ... on level 5 of the Lair of Beasts on Nov 12, 2018.
             The game lasted 01:44:45 (22700 turns).

nightchill the Cruncher (DrFE)                     Turns: 22700, Time: 01:44:46

Health: -1/113     AC: 12    Str: 12    XL:     13   Next: 2%
Magic:  13/18      EV: 17    Int: 19    God:    Okawaru [*****.]
Gold:   988        SH:  0    Dex: 12    Spells: 6/19 levels left

rFire    + . .     SeeInvis .   a - +2 lajatang (elec)
rCold    . . .     Gourm    .   (shield currently unavailable)
rNeg     . . .     Faith    .   (armour unavailable)
rPois    +         Spirit   .   j - +2 hat
rElec    .         Reflect  .   e - +0 cloak
rCorr    .         Harm     .   v - +0 pair of gloves
MR       .....                  (no boots)
Stlth    ++........             (no amulet)
HPRegen  0.28/turn              k - ring of protection from fire
MPRegen  0.16/turn              C - ring of flight

@: short of breath, heroism, drained, very slow
A: breathe noxious fumes, unfitting armour, poison resistance, cold-blooded, AC
+8
a: Breathe Noxious Fumes, Heroism, Finesse, Renounce Religion, Evoke Flight


You were on level 5 of the Lair of Beasts.
You worshipped Okawaru.
Okawaru was extremely pleased with you.
You were very hungry.

You visited 3 branches of the dungeon, and saw 15 of its levels.

You collected 988 gold pieces.

Inventory:

Hand Weapons
 a - a +2 lajatang of electrocution (weapon)
 o - a +0 hunting sling
 u - the +7 lajatang of Order {silver, rMut}
   (Okawaru gifted it to you on level 3 of the Lair of Beasts)

   It protects you from mutation.
 w - a +2 spear of piercing
 I - a +3 hand crossbow of freezing
Missiles
 d - 604 stones (quivered)
 f - 308 arrows
 t - 22 tomahawks
 B - 62 sling bullets
 H - a throwing net
 N - 8 needles of frenzy
Armour
 e - a +0 cloak (worn)
 j - a +2 hat (worn)
 v - a +0 pair of gloves (worn)
Magical Staves
 b - an uncursed staff of energy
 r - an uncursed staff of wizardry
 L - an uncursed staff of conjuration
 P - an uncursed staff of poison {unknown}
Jewellery
 g - an uncursed amulet of regeneration {unknown}
 k - a ring of protection from fire (left hand)
 q - an uncursed amulet of the acrobat {unknown}
 s - an uncursed ring of magical power {unknown}
 C - a ring of flight (right hand)
Wands
 D - a wand of disintegration (11)
 E - a wand of paralysis (18)
 O - a wand of digging (10)
Scrolls
 c - a scroll of noise {unknown}
 h - 4 scrolls of teleportation
 m - 2 scrolls of enchant armour
 y - 2 scrolls of magic mapping
 A - a scroll of immolation
Potions
 i - 4 potions of curing
 l - 4 potions of heal wounds
 n - 4 potions of flight
 p - 2 potions of haste
 x - a potion of mutation {unknown}
 z - 2 potions of lignification
 F - 3 potions of brilliance {unknown}
 M - 2 potions of resistance {unknown}
Miscellaneous
 G - a box of beasts
 J - a phial of floods (inert)
Comestibles
 K - 24 rations


   Skills:
 + Level 10.0(14.2) Fighting
 - Level 6.7(13.9) Polearms
 * Level 10.7(15.7) Staves
 - Level 2.0(6.4) Throwing
 + Level 5.7(10.0) Dodging
 - Level 1.7(6.1) Stealth
 + Level 3.6(3.0) Spellcasting
 - Level 8.9(8.2) Conjurations
 - Level 9.4(8.7) Fire Magic
 + Level 7.3(6.6) Invocations


You had 6 spell levels left.
You knew the following spells:

 Your Spells              Type           Power        Failure   Level  Hunger
a - Flame Tongue          Conj/Fire      #####        1%          1    None
b - Conjure Flame         Conj/Fire      #####...     1%          3    ###....
c - Sticky Flame          Conj/Fire      #####...     4%          4    ####...
d - Fireball              Conj/Fire      #####.....   13%         5    ######.

Your spell library contained the following spells:

 Spells                   Type           Power        Failure   Level  Hunger
 Throw Flame              Conj/Fire      #####.       1%          2    ##.....
 Inner Flame              Hex/Fire       ###.....     8%          3    ###....
 Swiftness                Chrm/Air       #.......     22%         2    ##.....
 Recall                   Summ/Tloc      N/A          41%         3    ###....
 Summon Mana Viper        Hex/Summ       #.......     99%         5    ######.
 Summon Hydra             Summ           #.........   100%        7    #######


Dungeon Overview and Level Annotations

Branches:
Dungeon (9/15)             Temple (1/1) D:6            Lair (5/6) D:8
 Shoals (0/4) Lair:4        Snake (0/4) Lair:2          Orc (0/2) D:9
  Slime: Lair:5-6

Altars:
Ashenzari
Cheibriados
Dithmenos
Elyvilon
Fedhas
Gozag
Hepliaklqana
Kikubaaqudgha
Makhleb
Nemelex Xobeh
Okawaru
Qazlal
Ru
Sif Muna
Trog
Uskayaw
Vehumet
Wu Jian
Xom
Yredelemnul
Zin
The Shining One

Annotations:
D:1 deep water curious
D:2 exclusion: downstairs
D:6 exclusion: upstairs
D:8 !lots of options use them
D:9 exclusion: door
Lair:1 exclusions: downstairs and oklob plant
Lair:3 exclusion: hydra


Innate Abilities, Weirdness & Mutations

You can breathe blasts of noxious fumes.
Your lurid green scales are hard. (AC +8)
You cannot fit into any form of body armour.
Your system is resistant to poisons. (rPois)
You are cold-blooded and may be slowed by cold attacks.


Message History

* * * LOW HITPOINT WARNING * * *
The nine-headed hydra bites you!
* * * LOW HITPOINT WARNING * * *
The nine-headed hydra completely misses you.
The nine-headed hydra bites you but does no damage.
The nine-headed hydra barely misses you.
The nine-headed hydra bites you!
* * * LOW HITPOINT WARNING * * *
Evoke which item? (* to show all) (? for menu, Esc to quit)
Aim the phial where?
Press: ? - help, Shift-Dir - straight line, f/p - nine-headed hydra
Aim: a nine-headed hydra (severely wounded)
The torrent of water hits the nine-headed hydra.
The nine-headed hydra is severely wounded.
The wave splashes down.
Splash!
You fall into the shallow water.
Moving in this stuff is going to be slow.
The water rises up and takes form.
The nine-headed hydra bites you!
You die...

######### ## ##P[.P#.P# #####
##.#
.#...P...###.#.##...##.#....#
................≈E≈...........
................@D§........P..
..............##≈#P.##....#.P.
###.##.#####.##### ####.....P#
###.#######.####.####...<..#
.#P...#....#.#..#..##....# #
.........................#.####
...............................
....................÷<.........
P.###.#.#.#.....#.###..##..#.#.


You could see a nine-headed hydra and a friendly water elemental.

Vanquished Creatures
  Gastronok (Lair:1)
  Snorg (Lair:4)
  Fannar (Lair:3)
  A catoblepas (Lair:4)
  5 death yaks (Lair:3)
  A two-headed ogre (D:9)
  Urug (Lair:1)
  A lindwurm (Lair:3)
  A deep elf mage (D:7)
  A centaur zombie (D:9)
  Maurice (D:8)
  8 spiny frogs
  2 rime drakes (Lair:4)
  6 komodo dragons
  A troll (D:7)
  2 polar bears (Lair:3)
  4 hippogriffs
  15 yaks
  Sigmund (D:3)
  A wyvern (Lair:3)
  2 basilisks
  5 vampire mosquitoes (Lair:1)
  2 hungry ghosts (D:7)
  4 nagas (Lair:2)
  2 insubstantial wisps (Lair:1)
  9 water moccasins
  10 porcupines
  2 orc warriors
  2 phantoms
  3 sky beasts
  A black bear (D:6)
  3 ice beasts
  2 eyes of draining
  6 wolves (Lair:3)
  8 ogres
  6 centaurs
  6 crocodiles
  11 bullfrogs
  2 scorpions
  A water moccasin skeleton (D:6)
  4 howler monkeys
  3 crimson imps
  A bullfrog zombie (D:7)
  5 hounds
  A quasit (D:3)
  5 orc priests
  2 centaur skeletons
  2 jellies
  Terence (D:3)
  2 bullfrog skeletons
  An iguana (D:7)
  6 orc wizards
  7 hell rats (Lair:4)
  5 worker ants
  3 hound zombies
  2 hound skeletons
  A worker ant zombie (D:9)
  A howler monkey zombie (D:2)
  3 gnolls (D:5)
  6 adders
  3 shadow imps
  2 oozes (D:7)
  4 adder skeletons
  5 worms
  3 dart slugs
  5 leopard geckos
  51 orcs
  12 giant cockroaches
  A goblin (D:2)
  5 hobgoblins
  13 jackals
  2 quokkas
  2 ball pythons (D:2)
  11 bats
  6 frilled lizards
  8 kobolds
  A leopard gecko skeleton (D:4)
  A quokka skeleton (D:9)
  13 rats
  A fungus (Lair:4)
  2 plants
354 creatures vanquished.

Vanquished Creatures (collateral kills)
  2 yaks (Lair:2)
2 creatures vanquished.

Vanquished Creatures (others)
  4 fungi
  A plant (Lair:2)
5 creatures vanquished.

Grand Total: 361 creatures vanquished

Notes
Turn   | Place    | Note
-------+----------+-------------------------------------------
     0 | D:1      | nightchill the Draconian Fire Elementalist began the quest
                  | for the Orb.
     0 | D:1      | Reached XP level 1. HP: 14/14 MP: 3/3
   275 | D:1      | Reached XP level 2. HP: 20/20 MP: 3/5
  1119 | D:2      | Reached XP level 3. HP: 26/26 MP: 6/6
  1190 | D:2      | Learned a level 3 spell: Conjure Flame
  2076 | D:2      | Reached XP level 4. HP: 33/33 MP: 3/7
  2847 | D:3      | Reached XP level 5. HP: 28/38 MP: 1/8
  3146 | D:3      | Noticed Terence
  3436 | D:3      | Noticed Sigmund
  3681 | D:4      | Learned a level 4 spell: Sticky Flame
  3758 | D:4      | Reached skill level 5 in Fire Magic
  4149 | D:4      | Reached XP level 6. HP: 7/45 MP: 1/9
  5143 | D:5      | Entered Level 5 of the Dungeon
  5542 | D:5      | Reached skill level 5 in Conjurations
  5615 | D:5      | Found a shimmering altar of Xom.
  5618 | D:5      | Noticed an ice beast
  5642 | D:5      | Killed an ice beast
  5642 | D:5      | Your scales start taking on a lurid green colour.
  5642 | D:5      | Reached XP level 7. HP: 40/50 MP: 5/10
  5642 | D:5      | Gained mutation: Your system is resistant to poisons.
                  | (rPois) [Green Draconian growth]
  6162 | D:5      | Reached skill level 1 in Fighting
  6162 | D:5      | Reached skill level 1 in Polearms
  6218 | D:5      | Found an opulent altar of Gozag.
  6965 | D:6      | Reached XP level 8. HP: 62/62 MP: 6/11
  7678 | D:6      | Found a staircase to the Ecumenical Temple.
  7684 | Temple   | Entered the Ecumenical Temple
  7783 | Temple   | Became a worshipper of Warmaster Okawaru
  8244 | D:3      | Killed Sigmund
  8501 | D:3      | Killed Terence
  8971 | D:7      | Reached * piety under Okawaru
  8971 | D:7      | Reached XP level 9. HP: 64/71 MP: 10/13
  9048 | D:7      | Reached skill level 5 in Polearms
  9159 | D:7      | Found a hazy altar of Hepliaklqana.
  9159 | D:7      | Found a shadowy altar of Dithmenos.
  9160 | D:7      | Found a deep blue altar of Sif Muna.
  9623 | D:7      | Noticed a troll
  9634 | D:7      | Noticed a deep elf mage
  9635 | D:7      | Killed a troll
  9635 | D:7      | Reached ** piety under Okawaru
  9652 | D:7      | Killed a deep elf mage
  9652 | D:7      | Reached skill level 5 in Fighting
  9764 | D:7      | Identified the Tome of Creative Flight
  9991 | D:7      | Found a blossoming altar of Fedhas.
 10027 | D:7      | Reached skill level 1 in Staves
 10846 | D:8      | Reached *** piety under Okawaru
 10846 | D:8      | Reached XP level 10. HP: 83/83 MP: 9/14
 10902 | D:8      | Noticed Maurice
 10914 | D:8      | Killed Maurice
 11248 | D:8      | Reached skill level 1 in Throwing
 11724 | D:8      | Found a staircase to the Lair.
 12391 | D:9      | Noticed a two-headed ogre
 12410 | D:9      | Killed a two-headed ogre
 12410 | D:9      | Reached **** piety under Okawaru
 12780 | D:9      | Found a staircase to the Orcish Mines.
 12862 | D:9      | Found a glowing silver altar of Zin.
 12957 | D:9      | Reached skill level 5 in Staves
 12957 | D:9      | Reached skill level 1 in Invocations
 13214 | D:9      | Found a stormy altar of Qazlal.
 13850 | Lair:1   | Entered Level 1 of the Lair of Beasts
 13850 | Lair:1   | Noticed a spiny frog
 13866 | D:8      | Killed a spiny frog
 13866 | D:8      | Reached XP level 11. HP: 9/92 MP: 9/15
 15161 | Lair:1   | You fall through a shaft!
 15206 | Lair:2   | Reached ***** piety under Okawaru
 15584 | Lair:1   | Learned a level 5 spell: Fireball
 15819 | Lair:1   | Noticed an oklob plant
 16089 | Lair:1   | Noticed Gastronok
 16126 | Lair:1   | Killed Gastronok
 16126 | Lair:1   | Received a gift from Okawaru
 16275 | Lair:1   | Noticed Urug
 16288 | Lair:1   | Killed Urug
 16703 | Lair:2   | Found a staircase to the Snake Pit.
 17240 | Lair:2   | Reached skill level 5 in Invocations
 17531 | Lair:2   | Reached XP level 12. HP: 69/103 MP: 16/16
 18087 | Lair:3   | Received a gift from Okawaru
 18358 | Lair:3   | Noticed Fannar
 18783 | Lair:3   | Noticed an eight-headed hydra
 19004 | Lair:3   | Noticed a death yak
 19020 | Lair:3   | Killed a death yak
 19098 | Lair:3   | Noticed a death yak
 19115 | Lair:3   | Killed a death yak
 19115 | Lair:3   | Reached ****** piety under Okawaru
 19116 | Lair:3   | Noticed a death yak
 19356 | Lair:3   | Noticed a death yak
 19368 | Lair:3   | Noticed a death yak
 19373 | Lair:3   | Killed a death yak
 19378 | Lair:3   | Killed a death yak
 19381 | Lair:3   | Killed a death yak
 19381 | Lair:3   | Received a gift from Okawaru
 19381 | Lair:3   | Reached skill level 10 in Staves
 19381 | Lair:3   | Reached skill level 5 in Dodging
 19382 | Lair:3   | Found the +7 lajatang of Order {silver, rMut}
 19974 | Lair:3   | Killed Fannar
 20534 | Lair:4   | Found a staircase to the Shoals.
 20574 | Lair:4   | Noticed a catoblepas
 20605 | Lair:4   | Killed a catoblepas
 21422 | Lair:4   | Noticed Snorg
 21435 | Lair:4   | Killed Snorg
 21934 | Lair:4   | Reached XP level 13. HP: 72/113 MP: 18/18
 22598 | Lair:5   | Upgraded the game from 0.22.1-1-ga44c0e5 to
                  | 0.22.1-2-g9c5b331
 22652 | Lair:5   | Reached skill level 10 in Fighting
 22700 | Lair:5   | Slain by a nine-headed hydra

Skill      XL: |  1  2  3  4  5  6  7  8  9 10 11 12 13 |
---------------+----------------------------------------+-----
Conjurations   | 2 3 4 5 6 7 8 |  8.9
Fire Magic     | 4 5 6 7 8 9 |  9.4
Fighting       | 2 4 5 7 8 9 10 | 10.0
Polearms       | 2 4 6 |  6.7
Spellcasting   | 3 |  3.6
Staves         | 2 5 8 10 | 10.7
Throwing       | 2 |  2.0
Invocations    | 2 5 7 |  7.3
Dodging        | 3 5 |  5.7
Stealth        | |  1.7

Action                   |  1- 3 |  4- 6 |  7- 9 | 10-12 | 13-15 || total
-------------------------+-------+-------+-------+-------+-------++-------
Melee: Unarmed           |    20 |       |       |       |       ||    20
       Tailslap          |     4 |    12 |    28 |    56 |     3 ||   103
       Dagger            |    42 |   153 |       |       |       ||   195
       Spear             |       |       |   296 |       |       ||   296
       Lajatang          |       |       |    30 |   522 |    26 ||   578
       Staff             |       |       |       |    13 |       ||    13
Throw: Stone             |    32 |     9 |    11 |    23 |     1 ||    76
 Cast: Flame Tongue      |    75 |    99 |     7 |       |       ||   181
       Conjure Flame     |     2 |     1 |    10 |     6 |       ||    19
       Sticky Flame      |       |     6 |    34 |    48 |     1 ||    89
       Fireball          |       |       |       |     1 |       ||     1
Invok: Heroism           |       |       |     3 |    21 |     1 ||    25
 Abil: Breathe Noxious F |       |       |     9 |    19 |     2 ||    30
Evoke: Staff of energy   |       |       |       |     2 |       ||     2
       Phial of floods   |       |       |       |     1 |     1 ||     2
  Use: Scroll            |       |     7 |     4 |     8 |       ||    19
       Potion            |       |     2 |     1 |     1 |       ||     4
 Stab: Sleeping          |       |     2 |       |     2 |       ||     4
       Confused          |       |       |     3 |     4 |       ||     7
  Eat: Chunk             |     5 |    12 |    12 |    36 |     2 ||    67
       Ration            |       |     1 |     5 |     3 |       ||     9
Armor: Skin              |    40 |   156 |   110 |   166 |    14 ||   486
Dodge: Dodged            |    76 |   168 |   159 |   282 |    17 ||   702
